 Dungeon Crawl Stone Soup version 0.31.0-32-g396128a36d (webtiles) character file.

Game seed: 11600775483909684281

1298 gohu the Thaumaturge (level 8, 0/50 HPs)
             Began as a Djinni Fire Elementalist on Mar 14, 2024.
             Was a Follower of Makhleb.
             Killed from afar by Maggie (18 damage)
             ... with a bolt of acid
             ... on level 6 of the Dungeon.
             The game lasted 00:09:09 (4995 turns).

gohu the Thaumaturge (Djinni Fire Elementalist)     Turns: 4995, Time: 00:09:09

Health: 0/50       AC:  2    Str:  7    XL:     8   Next: 87%
Gold:   357        EV: 12    Int: 19    God:    Makhleb [*.....] SH:  0 Dex: 14

rFire   + + +        o - +1 short sword (vamp)
rCold   + . .        (no shield)
rNeg    . . .        a - +0 robe
rPois   ∞            (no helmet)
rElec   .            D - scarf {rC+ rF+}
rCorr   .            (no gloves)
SInv    .            (boots unavailable)
Will    .....        (no amulet)
Stlth   ++           q - ring of protection from fire
HPRegen 0.28/turn    s - ring of ice
MPRegen 0.00/turn

%: infuse magic (-1 HP)
@: flying
A: sickness immunity, fire resistance 2, cold vulnerability 1, float, innate
caster, HP casting, extra vitality 1
a: Renounce Religion


You were on level 6 of the Dungeon.
You worshipped Makhleb.
Makhleb was aware of your devotion.
You visited 2 branches of the dungeon, and saw 7 of its levels.

You collected 357 gold pieces.

Inventory:

Hand Weapons
 o - a +1 vampiric short sword (weapon)
Armour
 a - a +0 robe (worn)
 D - a scarf of resistance (worn)
Jewellery
 q - a ring of protection from fire (left hand)
 s - a ring of ice (right hand)
 B - a ring of positive energy
Wands
 u - a wand of acid (10)
Scrolls
 b - 2 scrolls of enchant weapon {unknown}
 d - a scroll of immolation {unknown}
 g - 6 scrolls of teleportation {unknown}
 h - 2 scrolls of brand weapon {unknown}
 i - 3 scrolls of identify {unknown}
 k - a scroll of enchant armour {unknown}
 n - a scroll of fear {unknown}
 r - a scroll of torment {unknown}
 t - 2 scrolls of revelation {unknown}
 v - 3 scrolls of blinking {unknown}
 w - a scroll of noise {unknown}
 y - a scroll of fog {unknown}
 z - a scroll of amnesia {unknown}
Potions
 c - 2 potions of heal wounds {unknown}
 e - a potion of ambrosia {unknown}
 f - 4 potions of curing {unknown}
 j - 2 potions of magic {unknown}
 l - a potion of attraction {unknown}
 m - 2 potions of resistance {unknown}
 p - 3 potions of berserk rage {unknown}
 x - a potion of haste {unknown}
 A - a potion of might {unknown}
 C - a potion of degeneration {unknown}


   Skills:
 - Level 2.1 Dodging
 - Level 1.5 Stealth
 + Level 8.5 Spellcasting
 + Level 8.5 Conjurations
 + Level 8.5 Hexes
 + Level 8.5 Summonings
 + Level 8.5 Necromancy
 + Level 8.5 Translocations
 + Level 8.5 Fire Magic
 + Level 8.5 Ice Magic
 + Level 8.5 Air Magic
 + Level 8.5 Earth Magic
 + Level 8.5 Alchemy


You knew the following spells:

 Your Spells              Type           Power      Damage    Failure   Level
a - Foxfire               Conj/Fire      100%       2x1d9     1%          1
b - Searing Ray           Conj           80%        2d7       1%          2
c - Flame Wave            Conj/Fire      40%        2d11      2%          4
d - Inner Flame           Hex/Fire       40%        N/A       1%          3
e - Volatile Blastmotes   Fire/Tloc      80%        2d16      1%          3
f - Apportation           Tloc           80%        N/A       1%          1
g - Scorch                Fire           80%        2d8       1%          2
h - Dazzling Flash        Conj/Hex       80%        N/A       1%          3
Your spell library was empty.

Dungeon Overview and Level Annotations

Branches:
Dungeon (6/15)             Temple (1/1) D:4

Altars:
Ashenzari
Cheibriados
Dithmenos
Elyvilon
Fedhas
Gozag
Hepliaklqana
Makhleb
Nemelex Xobeh
Okawaru
Qazlal
Ru
Trog
Uskayaw
Wu Jian
Yredelemnul
The Shining One

Annotations:
D:2 1 runed translucent door, Crazy Yiuf
D:3 1 runed translucent door
D:4 2 runed translucent doors, aheadsoundss's ghost, novice MfSh
D:6 Maggie


Innate Abilities, Weirdness & Mutations

You are immune to sickness and miasma.
You are immune to poison.
Your flesh is very heat resistant. (rF++)
You are vulnerable to cold. (rC-)
You float through the air rather than walking.
You learn spells naturally, not from books.
Your magical power is your life essence.
You have superior vitality. (+4 MHP)


Message History

The bullfrog is lightly wounded.
You see here a flux talisman.
Casting: Foxfire (safe; 1% risk of failure)
Confirm with . or Enter, or press ? or * to list all spells.
You conjure some foxfire!
The foxfire hits the bullfrog!
The bullfrog is heavily wounded.
The foxfire hits the bullfrog!
You kill the bullfrog!
Makhleb accepts your kill.
Found a scroll labelled EPHEDW PARUQUIRPHE.
Found 13 gold pieces.
Found a stone staircase leading up.
Maggie shouts!
Maggie smiles, but it's obviously fake.
Maggie says, "How do the people who live here stand the isolation?"
Maggie zaps a wand.
The bolt of acid hits you!
Maggie zaps a wand.
The bolt of acid hits you!
Maggie mumbles some strange words.
Maggie attempts to bespell you!
You are mesmerised by Maggie!
You break out of your daze!
You see here 4 stones.
Casting: Foxfire (safe; 1% risk of failure)
Confirm with . or Enter, or press ? or * to list all spells.
A cloud of volatile blastmotes flares up around you!
Run!
Casting: Volatile Blastmotes (safe; 1% risk of failure)
Confirm with . or Enter, or press ? or * to list all spells.
A cloud of volatile blastmotes flares up around you!
Run!
There is a stone staircase leading up here.
Casting: Volatile Blastmotes (safe; 1% risk of failure)
Confirm with . or Enter, or press ? or * to list all spells.
Aiming: Searing Ray (safe; 1% risk of failure)
Press: ? - help, Shift-Dir - straight line, f - Maggie
Aim: Maggie, wielding a +1 glaive of flaming, wearing +0 acid dragon scales and carrying a wand of acid (82% to hit)
The searing ray hits Maggie.
Maggie is lightly wounded. (Press . to maintain the ray.) Maggie zaps a wand.
The bolt of acid hits you!!
You die...

...##...###.#.......##.# #
#.....................##).
##........................
#....$................#..
............##.........## #
#...........#........###
#........?..#....†..).###
............##.@#...###.##
.......#..@##...#...###..#
.........###..##....#......#
......... #...##.#####.....#
...... ##.§#(....###....#
###÷... #..@.##...##....##
#...... #..### #.###.....#
##..#.[#####..# #..##....###
.......#<#...## #..#....##
##)[)÷....####..#..###


You could see Maggie.

Vanquished Creatures
  Menkaure (D:5)
  An orc warrior (D:6)
  2 ogres (D:5)
  A bullfrog (D:6)
  5 scorpions
  A howler monkey (D:4)
  2 hounds
  3 jellies
  An orc priest (D:3)
  2 sleepcaps (D:5)
  An iguana (D:6)
  2 orc wizards
  9 adders
  6 ufetubi
  3 ribbon worms
  A dart slug (D:2)
  14 orcs
  4 endoplasms
  3 giant cockroaches
  6 goblins
  6 hobgoblins
  3 jackals (D:1)
  8 kobolds
  3 quokkas
  7 ball pythons
  6 bats
  6 frilled lizards
  5 rats
112 creatures vanquished.

Vanquished Creatures (others)
  289 foxfires
289 creatures vanquished.

Grand Total: 401 creatures vanquished

Notes
Turn   | Place    | Note
-------+----------+-------------------------------------------
     0 | D:1      | gohu the Djinni Fire Elementalist began the quest for the
                  | Orb.
     0 | D:1      | gohu set off with the following spells memorised: Foxfire,
                  | Scorch, Volatile Blastmotes, Inner Flame, Flame Wave.
     0 | D:1      | Reached XP level 1. HP: 15/15 MP: 0/0
   140 | D:1      | Reached XP level 2. HP: 20/21 MP: 0/0
   475 | D:1      | Reached XP level 3. HP: 22/25 MP: 0/0
   475 | D:1      | Learned a level 1 spell: Apportation
   844 | D:2      | Found a faded altar of an unknown god.
  1124 | D:2      | Reached XP level 4. HP: 21/31 MP: 0/0
  1484 | D:2      | Found a runed translucent door.
  1485 | D:2      | Noticed Crazy Yiuf
  1786 | D:3      | Reached XP level 5. HP: 34/35 MP: 0/0
  1786 | D:3      | Learned a level 2 spell: Searing Ray
  1820 | D:3      | Reached skill level 5 in Spellcasting
  1820 | D:3      | Reached skill level 5 in Conjurations
  1820 | D:3      | Reached skill level 5 in Hexes
  1820 | D:3      | Reached skill level 5 in Summonings
  1820 | D:3      | Reached skill level 5 in Necromancy
  1820 | D:3      | Reached skill level 5 in Translocations
  1820 | D:3      | Reached skill level 5 in Fire Magic
  1820 | D:3      | Reached skill level 5 in Ice Magic
  1820 | D:3      | Reached skill level 5 in Air Magic
  1820 | D:3      | Reached skill level 5 in Earth Magic
  1820 | D:3      | Reached skill level 5 in Alchemy
  2012 | D:3      | Found an iron altar of Okawaru.
  2012 | D:3      | Found a runed translucent door.
  2014 | D:3      | Noticed an ogre
  2015 | D:3      | Noticed an ogre
  2017 | D:3      | Found the +0 toga "Victory" {*Victory Clar}
  2367 | D:4      | Reached XP level 6. HP: 27/40 MP: 0/0
  2435 | D:4      | Found a large runed translucent door.
  2436 | D:4      | Found a large runed translucent door.
  2436 | D:4      | Noticed aheadsoundss's ghost (novice MfSh)
  2611 | D:4      | Found a staircase to the Ecumenical Temple.
  2617 | Temple   | Entered the Ecumenical Temple
  2635 | Temple   | Became a worshipper of Makhleb the Destroyer
  3385 | D:5      | Entered Level 5 of the Dungeon
  3560 | D:5      | Found a bloodstained altar of Trog.
  3563 | D:5      | Found a snail-covered altar of Cheibriados.
  3564 | D:5      | Found a hazy altar of Hepliaklqana.
  3565 | D:5      | Noticed Menkaure
  3584 | D:5      | Killed Menkaure
  3585 | D:5      | Reached XP level 7. HP: 37/45 MP: 0/0
  3585 | D:5      | Learned a level 3 spell: Dazzling Flash
  3624 | D:5      | Found a basalt altar of Yredelemnul.
  4123 | D:5      | Found a glowing golden altar of the Shining One.
  4183 | D:5      | Reached XP level 8. HP: 23/50 MP: 0/0
  4602 | D:6      | Reached * piety under Makhleb
  4942 | D:6      | Noticed Maggie
  4995 | D:6      | Killed from afar by Maggie

Illustrated notes

Levels and vault maps discovered:
D:1:      lightli_arrival_quake, layout_basic, serial_aquarium,
          aquarium_bridge_square [aquarium_subvault_wall,
          aquarium_subvault_wall, aquarium_subvault_bridge,
          aquarium_subvault_wall], aquarium_window_corridor_2,
          aquarium_window_fake, aquarium_window_1, aquarium_window_fake,
          aquarium_view_2e, aquarium_view_2g, aquarium_balcony_3b,
          aquarium_pool_five
D:2:      layout_rooms, nicolae_ecumenical_pavilion, uniq_crazy_yiuf_cottage
D:3:      minmay_diamond_boxcup, layout_rooms, fiery_altar_vehumet,
          nicolae_overflow_guarded_unrand_okawaru_victory,
          kennysheep_generic_room_12
D:4:      layout_basic, minmay_temple_entry_steel_oval,
          ebering_ghost_disaster_area
D:5:      layout_basic, lemuel_round_altar, grunt_temple_overflow_open,
          minmay_misc_feat_roman, minivault_19, chequers_serial_rivers_small_3,
          minivault_23, uniq_menkaure
D:6:      layout_cave_pools, uniq_maggie, uniq_prince_ribbit1, uniq_edmund
Temple:   hellmonk_temple_forest_ring

Skill      XL: |  1  2  3  4  5  6  7  8 |
---------------+-------------------------+-----
Spellcasting   | 4 5 6 7 8 |  8.5
Conjurations   | 4 5 6 7 8 |  8.5
Hexes          | 4 5 6 7 8 |  8.5
Summonings     | 4 5 6 7 8 |  8.5
Necromancy     | 4 5 6 7 8 |  8.5
Translocations | 4 5 6 7 8 |  8.5
Fire Magic     | 4 5 6 7 8 |  8.5
Ice Magic      | 4 5 6 7 8 |  8.5
Air Magic      | 4 5 6 7 8 |  8.5
Earth Magic    | 4 5 6 7 8 |  8.5
Alchemy        | 4 5 6 7 8 |  8.5
Dodging        | |  2.1
Stealth        | |  1.5

Action                     |  1- 3 |  4- 6 |  7- 9 || total
---------------------------+-------+-------+-------++-------
  Melee: Short sword       |       |     3 |       ||     3
   Cast: Foxfire           |    68 |    68 |    38 ||   174
         Scorch            |     3 |     4 |       ||     7
         Searing Ray       |       |    22 |    34 ||    56
         Volatile Blastmot |       |     3 |     7 ||    10
         Flame Wave        |       |       |     4 ||     4
         Dazzling Flash    |       |       |     1 ||     1
 Armour: Robe              |     4 |    13 |    15 ||    32
  Dodge: Dodged            |     4 |    12 |    11 ||    27
